 Dungeon Crawl Stone Soup version 0.21.0-37-g46506fa (webtiles) character file.

28541 doot the Arsonist (level 13, 0/99 HPs)
             Began as a Purple Draconian Fire Elementalist on Jan 29, 2018.
             Was a Priest of Qazlal.
             Slain by a fire dragon (8 damage)
             ... on level 12 of the Dungeon on Jan 30, 2018.
             The game lasted 01:16:52 (18675 turns).

doot the Arsonist (DrFE)                           Turns: 18675, Time: 01:16:53

Health: 0/99       AC: 10    Str: 10    XL:     13   Next: 10%
Magic:  13/27      EV: 16    Int: 17    God:    Qazlal [***...]
Gold:   1177       SH:  4    Dex: 16    Spells: 12/32 levels left

rFire    + + .     SeeInvis .   R - +3 halberd (curse)
rCold    + + .     Gourm    .   (shield currently unavailable)
rNeg     . . .     Faith    .   (armour unavailable)
rPois    +         Spirit   .   (helmet restricted)
rElec    +         Reflect  .   (no cloak)
rCorr    +         Harm     .   F - +0 pair of gloves
MR       +....     Clarity  +   c - +0 pair of boots
Stlth    ++........             (no amulet)
HPRegen  0.26/turn              f - ring of protection from cold
MPRegen  0.20/turn              (no ring)

@: appendage (expiring), resistant, flying, very slightly contaminated,
starving, hasted, very quick
A: breathe power, unfitting armour, big wings, horns 2, clarity, fire resistance
1, poison resistance, cold-blooded, AC +8
a: Breathe Dispelling Energy, Stop Flying, End Transformation, Upheaval,
Elemental Force, Renounce Religion


You were on level 12 of the Dungeon.
You worshipped Qazlal.
Qazlal was most pleased with you.
You were starving.
You had grown temporary horns.
You visited 3 branches of the dungeon, and saw 14 of its levels.

You collected 1177 gold pieces.

Inventory:

Hand Weapons
 k - a +0 dagger
 s - a +0 whip
 w - a +0 mace of protection
 B - the +2 spear of Uskayaw's Esteem {protect, *Rage rPois Str+3 Int+2}
   (You found it on level 4 of the Dungeon)

   It protects the one who uses it against injury (+AC on strike).
   It affects your strength (+3).
   It affects your intelligence (+2).
   It protects you from poison.
   It may make you go berserk in combat.
 I - a +1 whip of flaming
 M - a cursed +0 halberd
 O - a +0 glaive
 R - a cursed +3 halberd (weapon)
 T - a +4 trident
Missiles
 N - 4 throwing nets (quivered)
Armour
 c - a +0 pair of boots (worn)
 F - a +0 pair of gloves (worn)
Jewellery
 f - a ring of protection from cold (left hand)
 r - an uncursed ring of magical power {unknown}
Wands
 y - a wand of digging (12)
 H - a wand of enslavement (6)
 P - a wand of acid (8)
 S - a wand of random effects (15)
Scrolls
 d - 6 scrolls of teleportation
 i - 6 scrolls of remove curse
 m - a scroll of fog
 p - 2 scrolls of enchant weapon {unknown}
 v - 3 scrolls of fear {unknown}
 x - a scroll of immolation
 D - 3 scrolls of enchant armour {unknown}
 G - 3 scrolls of magic mapping
 J - a scroll of noise {unknown}
 K - 2 scrolls of random uselessness {unknown}
 Q - a scroll of identify
Potions
 g - 5 potions of flight
 h - 5 potions of might
 j - 2 potions of experience
 n - 3 potions of haste
 o - a potion of brilliance {unknown}
 q - a potion of agility
 t - 2 potions of mutation
 u - 2 potions of degeneration
 C - a potion of cancellation
Books
 a - a book of Flames

   Spells                             Type                      Level
   a - Flame Tongue                   Conjuration/Fire             1
   b - Throw Flame                    Conjuration/Fire             2
   c - Conjure Flame                  Conjuration/Fire             3
   d - Inner Flame                    Hexes/Fire                   3
   e - Sticky Flame                   Conjuration/Fire             4
   f - Fireball                       Conjuration/Fire             5
 l - a book of Necromancy

   Spells                             Type                      Level
   a - Pain                           Necromancy                   1
   b - Animate Skeleton               Necromancy                   1
   c - Vampiric Draining              Necromancy                   3
   d - Regeneration                   Charms/Necromancy            3
   e - Animate Dead                   Necromancy                   4
   f - Borgnjor's Vile Clutch         Necromancy/Earth             5
 E - a book of Cantrips

   Spells                             Type                      Level
   a - Confusing Touch                Hexes                        1
   b - Animate Skeleton               Necromancy                   1
   c - Summon Small Mammal            Summoning                    1
   d - Apportation                    Translocation                1
 L - a book of Changes

   Spells                             Type                      Level
   a - Beastly Appendage              Transmutation                1
   b - Sticks to Snakes               Transmutation                2
   c - Spider Form                    Transmutation/Poison         3
   d - Ice Form                       Ice/Transmutation            4
   e - Blade Hands                    Transmutation                5
 U - a book of Geomancy

   Spells                             Type                      Level
   a - Sandblast                      Earth                        1
   b - Passwall                       Transmutation/Earth          2
   c - Stone Arrow                    Conjuration/Earth            3
   d - Petrify                        Transmutation/Earth          4
   e - Lee's Rapid Deconstruction     Earth                        5
Miscellaneous
 e - a lightning rod (4/4)
Comestibles
 b - 24 rations


   Skills:
 + Level 4.6 Fighting
 + Level 1.5 Short Blades
 + Level 1.6 Maces & Flails
 + Level 6.6 Polearms
 + Level 1.3 Throwing
 + Level 5.9 Dodging
 - Level 3.3 Stealth
 + Level 1.5 Unarmed Combat
 + Level 10.1 Spellcasting
 * Level 10.7 Conjurations
 + Level 3.4 Hexes
 + Level 1.8 Charms
 + Level 2.1 Necromancy
 + Level 1.5 Transmutations
 * Level 11.9 Fire Magic
 + Level 2.4 Invocations
 + Level 1.7 Evocations


You had 12 spell levels left.
You knew the following spells:

 Your Spells              Type           Power        Failure   Level  Hunger
a - Flame Tongue          Conj/Fire      #####        1%          1    None
b - Sticky Flame          Conj/Fire      #####...     1%          4    ###....
c - Conjure Flame         Conj/Fire      #####...     1%          3    None
d - Inner Flame           Hex/Fire       ####....     1%          3    None
e - Fireball              Conj/Fire      #####.....   2%          5    #####..
f - Regeneration          Chrm/Necr      ###.......   11%         3    None
g - Beastly Appendage     Tmut           ##....       4%          1    None


Dungeon Overview and Level Annotations

Branches:
Dungeon (12/15)            Temple (1/1) D:5            Lair (0/6) D:11
    Orc (1/2) D:9

Altars:
Ashenzari
Cheibriados
Dithmenos
Elyvilon
Fedhas
Gozag
Hepliaklqana
Kikubaaqudgha
Makhleb
Nemelex Xobeh
Okawaru
Qazlal
Ru
Sif Muna
Trog
Uskayaw
Vehumet
Wu Jian
Xom
Yredelemnul
Zin
The Shining One

Shops:
D:2 *   D:4 ?   D:10 :   Orc:1 [

Portals:
Trove: D:10 (give 16 potions of curing)


Innate Abilities, Weirdness & Mutations

You can breathe bolts of dispelling energy.
Your rich purple scales are hard. (AC +8)
You cannot fit into any form of body armour.
You are cold-blooded and may be slowed by cold attacks.
Your large and strong wings let you fly indefinitely.
You have a pair of horns on your head.
You possess an exceptional clarity of mind.
Your flesh is heat resistant. (rF+)
Your system is resistant to poisons. (rPois)


Message History

A centaur comes into view.
You feel protected.
The centaur barely misses you. x2; The fire dragon barely misses you.
The fire dragon closely misses you.
The fire dragon tramples you but does no damage.
A centaur comes into view.
You hit the fire dragon.
You tail-slap the fire dragon, but do no damage.
The fire dragon is almost dead.
Your skin stops crawling.
The centaur hits you!
* * * LOW HITPOINT WARNING * * *
The fire dragon misses you. The fire dragon claws you.
* * * LOW HITPOINT WARNING * * *
The fire dragon tramples you but does no damage.
You block the centaur's attack.
You feel yourself speed up. The centaur barely misses you.
The fire dragon barely misses you. You block the fire dragon's attack.
The fire dragon tramples you!
You die...

....###..........#
.#..# ###(.......##
###.## ##.........# #
#..# #....####..#
###..###..[.#####.##
..#..#.............##..
#........(.............
###......######.ยง#....
###.>..### #D@# .
###......# #c##
###....##....##cc
.#).##.#####...c.
.))###..# #.... #)##
##.# ##... #.# #.##
#.... #.# ##.# #. #.#
#.##


You could see a fire dragon and 3 centaurs.

Vanquished Creatures
  Snorg (Orc:1)
  Harold (Orc:1)
  A centaur warrior (D:10)
  5 two-headed ogres
  An unseen horror (D:10)
  Pikel (D:7)
  2 cyclopes
  3 ugly things (D:11)
  2 guardian mummies (D:10)
  A queen bee (D:11)
  A merfolk (D:9)
  A troll (D:12)
  2 hornets
  2 shadows
  A wyvern (D:11)
  5 yaks (D:11)
  A basilisk (D:11)
  2 vampire mosquitoes
  A hungry ghost (D:12)
  2 steam dragons
  2 wargs (D:9)
  Duvessa (D:7)
  9 orc warriors
  A water moccasin (D:11)
  2 black bears
  A phantom (D:12)
  5 ogres
  3 ice beasts
  3 crocodiles
  6 centaurs
  A big kobold (D:7)
  10 bullfrogs
  2 wyvern zombies
  Dowan (D:7)
  8 scorpions
  10 wights
  35 killer bees
  4 spriggan skeletons (D:10)
  3 howler monkeys
  A troll skeleton (D:10)
  2 bullfrog zombies (D:7)
  6 crimson imps
  A centaur zombie (D:7)
  A jelly (D:12)
  11 orc priests
  3 bullfrog skeletons
  9 hounds
  5 centaur skeletons
  Terence (D:3)
  2 iguanas (D:5)
  6 worker ants
  13 orc wizards
  A hound zombie (D:6)
  2 hound skeletons
  9 adders
  3 shadow imps
  An ooze (D:2)
  3 worms
  2 dart slugs (D:2)
  3 leopard geckos
  54 orcs
  5 bats
  9 giant cockroaches
  5 goblins
  7 hobgoblins
  6 jackals
  12 kobolds
  4 quokkas
  2 ball pythons
  4 frilled lizards
  2 gnoll zombies (D:4)
  A leopard gecko zombie (D:6)
  A quokka zombie (D:4)
  6 rats
346 creatures vanquished.

Vanquished Creatures (others)
  A slave (D:7)
  2 plants (Orc:1)
3 creatures vanquished.

Grand Total: 349 creatures vanquished

Notes
Turn   | Place    | Note
-------+----------+-------------------------------------------
     0 | D:1      | doot the Draconian Fire Elementalist began the quest for the Orb.
     0 | D:1      | Reached XP level 1. HP: 14/14 MP: 3/3
  1033 | D:2      | Reached XP level 2. HP: 20/20 MP: 1/5
  1594 | D:2      | Found an ornate altar of the Wu Jian Council.
  1963 | D:2      | Reached XP level 3. HP: 23/26 MP: 1/6
  2065 | D:2      | Found an opulent altar of Gozag.
  2184 | D:2      | Found Gozag's Platinum Reserve.
  2382 | D:3      | Found an iron altar of Okawaru.
  2769 | D:2      | Reached XP level 4. HP: 14/33 MP: 2/7
  2775 | D:2      | Learned a level 4 spell: Sticky Flame
  2959 | D:3      | Reached skill level 4 in Fire Magic
  3420 | D:3      | Reached XP level 5. HP: 32/39 MP: 3/8
  3572 | D:3      | Noticed Terence
  3747 | D:3      | Killed Terence
  4134 | D:4      | Found Ikats's Magic Scroll Emporium.
  4246 | D:4      | Got a dazzling spear
  4247 | D:4      | Identified the +2 spear of Uskayaw's Esteem {protect, *Rage rPois Str+3 Int+2} (You found it on level 4 of the Dungeon)
  4273 | D:4      | Learned a level 3 spell: Conjure Flame
  4485 | D:4      | Noticed an ogre
  4535 | D:4      | Killed an ogre
  4535 | D:4      | Reached XP level 6. HP: 46/46 MP: 1/10
  4741 | D:4      | Learned a level 3 spell: Inner Flame
  4952 | D:4      | Found a basalt altar of Yredelemnul.
  4981 | D:4      | Found a basalt altar of Yredelemnul.
  5048 | D:5      | Entered Level 5 of the Dungeon
  5055 | D:5      | Noticed a sky beast
  5079 | D:5      | Reached skill level 5 in Fire Magic
  5169 | D:5      | Reached skill level 1 in Polearms
  5328 | D:5      | Found a shattered altar of Ashenzari.
  5398 | D:5      | Reached skill level 1 in Fighting
  5402 | D:5      | Your scales start taking on a rich purple colour.
  5402 | D:5      | Reached XP level 7. HP: 43/52 MP: 3/13
  5752 | D:5      | Found a staircase to the Ecumenical Temple.
  5763 | Temple   | Entered the Ecumenical Temple
  6219 | D:5      | Found a burning altar of Makhleb.
  6222 | D:5      | Noticed a cacodemon
  6522 | D:6      | Reached skill level 5 in Conjurations
  6522 | D:6      | Reached XP level 8. HP: 51/59 MP: 2/15
  6546 | D:6      | Learned a level 5 spell: Fireball
  6648 | D:6      | Reached skill level 6 in Fire Magic
  6961 | D:6      | Found a sacrificial altar of Ru.
  7007 | D:6      | Reached skill level 5 in Spellcasting
  7829 | D:7      | Noticed Pikel
  7865 | D:7      | Killed Pikel
  7865 | D:7      | Reached XP level 9. HP: 55/67 MP: 9/17
  8131 | D:7      | Reached skill level 7 in Fire Magic
  8861 | D:7      | Noticed Dowan
  8861 | D:7      | Noticed Duvessa
  8881 | D:7      | Reached skill level 1 in Hexes
  8882 | D:7      | Killed Duvessa
  8905 | D:7      | Killed Dowan
  9154 | D:8      | Noticed a freezing wraith
  9155 | D:8      | Noticed a phantasmal warrior
  9155 | D:8      | Noticed a skeletal warrior
  9155 | D:8      | Noticed a freezing wraith
  9337 | D:8      | Found a stormy altar of Qazlal.
  9340 | D:8      | Noticed a death knight
  9519 | D:8      | Reached skill level 8 in Fire Magic
  9694 | D:8      | Became a worshipper of Qazlal Stormbringer
  9829 | D:8      | Upgraded the game from 0.21.0-34-g9234887 to 0.21.0-37-g46506fa
  9896 | D:9      | Identified the +2 scale mail of Moral Flaws {Dex+5 Slay-3} (You found it on level 9 of the Dungeon)
 10019 | D:9      | Reached XP level 10. HP: 73/73 MP: 13/20
 11021 | D:9      | Noticed a two-headed ogre
 11042 | D:9      | Killed a two-headed ogre
 11042 | D:9      | Reached skill level 9 in Fire Magic
 11233 | D:9      | Found a staircase to the Orcish Mines.
 11275 | D:9      | Reached * piety under Qazlal
 11659 | Orc:1    | Entered Level 1 of the Orcish Mines
 11664 | Orc:1    | Noticed a two-headed ogre
 11800 | D:10     | Entered Level 10 of the Dungeon
 11860 | D:10     | Noticed a centaur warrior
 11871 | D:10     | Killed a centaur warrior
 12077 | D:10     | Noticed a two-headed ogre
 12088 | D:10     | Killed a two-headed ogre
 12464 | D:10     | Reached skill level 10 in Fire Magic
 12464 | D:10     | Reached XP level 11. HP: 81/81 MP: 5/23
 12469 | D:10     | Learned a level 3 spell: Regeneration
 12563 | D:10     | Learned a level 1 spell: Beastly Appendage
 12616 | D:10     | Found Yculor's Book Emporium.
 12917 | D:10     | Reached ** piety under Qazlal
 13136 | D:10     | Noticed an unseen horror
 13138 | D:10     | Killed an unseen horror
 13138 | D:10     | Reached skill level 5 in Polearms
 13441 | D:10     | Found a portal to a secret trove of treasure.
 13803 | D:9      | Reached skill level 1 in Short Blades
 13803 | D:9      | Reached skill level 1 in Maces & Flails
 13803 | D:9      | Reached skill level 1 in Throwing
 13803 | D:9      | Reached skill level 5 in Dodging
 13803 | D:9      | Reached skill level 1 in Unarmed Combat
 13803 | D:9      | Reached skill level 1 in Charms
 13803 | D:9      | Reached skill level 1 in Transmutations
 13803 | D:9      | Reached skill level 1 in Evocations
 13803 | D:9      | Reached XP level 12. HP: 14/91 MP: 15/24
 13833 | D:9      | Killed a two-headed ogre
 14404 | Orc:1    | Noticed Harold
 14427 | Orc:1    | HP: 4/91 [Harold/bolt of fire (14)]
 14429 | Orc:1    | Killed Harold
 14672 | Orc:1    | Found Baowuch's Antique Armour Shop.
 14672 | Orc:1    | Noticed a stone giant
 14698 | Orc:1    | HP: 3/91 [stone giant (27)]
 15123 | D:11     | Noticed a two-headed ogre
 15420 | D:11     | HP: 2/91 [bullfrog (4)]
 15422 | D:11     | Gained mutation: Your flesh is heat resistant. (rF+) [potion of mutation]
 15422 | D:11     | Gained mutation: Your large and strong wings let you fly indefinitely. [potion of mutation]
 15422 | D:11     | Gained mutation: Your system is resistant to poisons. (rPois) [potion of mutation]
 15422 | D:11     | Gained mutation: You possess an exceptional clarity of mind. [potion of mutation]
 15798 | D:11     | Reached skill level 10 in Conjurations
 15986 | D:11     | Reached skill level 11 in Fire Magic
 16285 | Orc:1    | Noticed Snorg
 16293 | Orc:1    | Killed Snorg
 16769 | D:11     | Noticed a two-headed ogre
 16958 | D:11     | Killed a two-headed ogre
 17157 | D:11     | Reached *** piety under Qazlal
 17269 | D:11     | Killed a two-headed ogre
 17818 | D:11     | Reached XP level 13. HP: 78/99 MP: 13/26
 17829 | D:11     | Reached skill level 10 in Spellcasting
 17857 | D:11     | Found a staircase to the Lair.
 18090 | D:12     | Reached **** piety under Qazlal
 18658 | D:12     | Noticed a fire dragon
 18675 | D:12     | Slain by a fire dragon

Skill      XL: |  1  2  3  4  5  6  7  8  9 10 11 12 13 |
---------------+----------------------------------------+-----
Stealth        | 2 3 |  3.3
Dodging        | 2 3 4 5 |  5.9
Conjurations   | 2 3 4 5 6 7 8 9 10 | 10.7
Fire Magic     | 4 5 6 8 10 11 | 11.9
Spellcasting   | 3 4 5 6 8 9 10 | 10.1
Polearms       | 1 2 3 4 5 6 |  6.6
Fighting       | 1 2 3 4 |  4.6
Hexes          | 1 2 3 |  3.4
Short Blades   | 1 |  1.5
Maces & Flails | 1 |  1.6
Throwing       | 1 |  1.3
Unarmed Combat | 1 |  1.5
Charms         | 1 |  1.8
Necromancy     | 2 |  2.1
Transmutations | 1 |  1.5
Invocations    | 2 |  2.4
Evocations     | 1 |  1.7

Action                   |  1- 3 |  4- 6 |  7- 9 | 10-12 | 13-15 || total
-------------------------+-------+-------+-------+-------+-------++-------
Melee: Unarmed           |    18 |       |       |       |       ||    18
       Tailslap          |     2 |     2 |    16 |    12 |     5 ||    37
       Dagger            |    20 |       |       |       |       ||    20
       Whip              |    17 |     1 |       |       |       ||    18
       Spear             |       |    28 |   198 |    49 |       ||   275
       Glaive            |       |       |       |    56 |       ||    56
       Halberd           |       |       |       |    62 |    42 ||   104
       Headbutt          |       |       |       |       |     1 ||     1
 Cast: Flame Tongue      |    78 |    73 |    91 |   199 |    24 ||   465
       Sticky Flame      |       |     6 |    36 |    87 |    11 ||   140
       Conjure Flame     |       |     2 |    12 |    23 |     2 ||    39
       Inner Flame       |       |       |     8 |    22 |    11 ||    41
       Fireball          |       |       |       |     2 |       ||     2
       Beastly Appendage |       |       |       |     2 |     1 ||     3
       Regeneration      |       |       |       |     1 |     1 ||     2
Invok: Elemental Force   |       |       |       |       |     1 ||     1
 Abil: Breathe Dispellin |       |       |     9 |    18 |       ||    27
       Fly               |       |       |       |     1 |       ||     1
  Use: Scroll            |       |       |    10 |     2 |       ||    12
       Potion            |       |       |       |    12 |     2 ||    14
 Stab: Sleeping          |       |     1 |     1 |       |       ||     2
  Eat: Chunk             |     7 |    11 |    20 |    14 |     2 ||    54
       Ration            |       |       |     1 |     7 |       ||     8
Armor: Skin              |    43 |    23 |    69 |   102 |    18 ||   255
Dodge: Dodged            |    65 |    51 |   134 |   303 |    62 ||   615
       Deflected         |       |       |       |       |     1 ||     1
Block: Other             |       |       |       |    30 |    16 ||    46
